BSA
ST. LOUIS BROWNS @ POCATELLO BOCCABELLAS
08/16/2028
 
TOP OF THE 1ST
St. Louis Browns batting - Pitching for Pocatello Boccabellas : RHP Jesús De Los Santos
Pitching: RHP Jesús De Los Santos
Batting: LHB Clinton Clark 0-0: Ball
1-0: Ground out 5-3 (Groundball, 56S)
Batting: LHB Bob Ware 0-0: Foul Ball, location: 2F
0-1: Ground out U3 (Groundball, 3S)
Batting: LHB Mike Hill 0-0: Foul Ball, location: 2F
0-1: Fly out, F7 (Line Drive, 7)
Top of the 1st over - 0 run(s), 0 hit(s), 0 error(s), 0 left on base; St. Louis 0 - Pocatello 0
BOTTOM OF THE 1ST
Pocatello Boccabellas batting - Pitching for St. Louis Browns : LHP Bernardo Miranda
Pitching: LHP Bernardo Miranda
Batting: RHB Tomás Carranza 0-0: Swinging Strike
0-1: Foul Ball, location: 2F
0-2: Foul Ball, location: 2F
0-2: Ground out 4-3 (Groundball, 4)
Batting: RHB José Delgado 0-0: Ball
1-0: Called Strike
1-1: Swinging Strike
1-2: SINGLE (Groundball, 34D)
Batting: RHB Marlon Phipps 0-0: Called Strike
0-1: Ball
1-1: Foul Ball, location: 2F
1-2: Grounds into double play, 4-6-3 (Groundball, 4)
Bottom of the 1st over - 0 run(s), 1 hit(s), 0 error(s), 0 left on base; St. Louis 0 - Pocatello 0
TOP OF THE 2ND
St. Louis Browns batting - Pitching for Pocatello Boccabellas : RHP Jesús De Los Santos
Batting: RHB Carlos Alfaro 0-0: Called Strike
0-1: Fly out, F9 (Flyball, 9S)
Batting: RHB Jeff Jones 0-0: Called Strike
0-1: Ball
1-1: Ball
2-1: Foul Ball, location: 2F
2-2: Ball
3-2: Foul Ball, location: 2F
3-2: Foul Ball, location: 2F
3-2: Strikes out swinging
Batting: LHB Jorge Torres 0-0: Ball
1-0: Called Strike
1-1: Swinging Strike
1-2: SINGLE (Flyball, 78M)
Batting: SHB David Johnstone 0-0: Called Strike
0-1: Swinging Strike
0-2: DOUBLE (Flyball, 78D)
Jorge Torres to third
Runner from 3rd tries for Home, SAFE, throw made home
Batting: RHB António Venecia 0-0: Ball
1-0: Called Strike
1-1: Ball
2-1: Ball
3-1: Foul Ball, location: 2F
3-2: 2-RUN HOME RUN (Flyball, 7D), Distance : 384 ft
Batting: LHB Bill Murphy 0-0: Ball
1-0: Ball
2-0: Ball
3-0: Called Strike
3-1: Swinging Strike
3-2: Foul Ball, location: 2F
3-2: Base on Balls
Batting: LHB Clinton Clark 0-0: Ball
1-0: Ground out 4-3 (Groundball, 4M)
Top of the 2nd over - 3 run(s), 3 hit(s), 0 error(s), 1 left on base; St. Louis 3 - Pocatello 0
BOTTOM OF THE 2ND
Pocatello Boccabellas batting - Pitching for St. Louis Browns : LHP Bernardo Miranda
Batting: RHB Ernesto Acosta 0-0: Foul Ball, location: 2F
0-1: Ball
1-1: Ground out U3 (Groundball, 3)
Batting: RHB Francisco Sandoval 0-0: Fly out, F9 (Flyball, 9S)
Batting: SHB Nick Cox 0-0: Called Strike
0-1: Fly out, F9 (Flyball, 9S)
Bottom of the 2nd over - 0 run(s), 0 hit(s), 0 error(s), 0 left on base; St. Louis 3 - Pocatello 0
TOP OF THE 3RD
St. Louis Browns batting - Pitching for Pocatello Boccabellas : RHP Jesús De Los Santos
Batting: LHB Bob Ware 0-0: Ball
1-0: Foul Ball, location: 2F
1-1: Ball
2-1: Called Strike
2-2: Foul Ball, location: 2F
2-2: SINGLE (Flyball, 7LM)
Batting: LHB Mike Hill 0-0: Called Strike
0-1: SINGLE (Groundball, 34D)
Bob Ware to second
Throwing error, E9
Bob Ware scores
Mike Hill to second
Batting: RHB Carlos Alfaro 0-0: Called Strike
0-1: Ball
1-1: Ball
2-1: Foul Ball, location: 2F
2-2: Ball
3-2: Foul Ball, location: 2F
3-2: Ground out 2-3 (Groundball, 2L)
Mike Hill to third
Batting: RHB Jeff Jones 0-0: Ball
1-0: Ball
2-0: Ball
3-0: Called Strike
3-1: Swinging Strike
3-2: Ground out 5-3 (Groundball, 5)
Batting: LHB Jorge Torres 0-0: Ground out 6-3 (Groundball, 6MS)
Top of the 3rd over - 1 run(s), 2 hit(s), 1 error(s), 1 left on base; St. Louis 4 - Pocatello 0
BOTTOM OF THE 3RD
Pocatello Boccabellas batting - Pitching for St. Louis Browns : LHP Bernardo Miranda
Batting: LHB Jim Jensen 0-0: SINGLE (Groundball, 4MD)
Batting: LHB José Berroa 0-0: Swinging Strike
0-1: Foul Ball, location: 2F
0-2: Ball
1-2: Fly out, F9 (Flyball, 9S)
Batting: LHB Héctor Rentería 0-0: Fielders Choice at 2nd, 6-4 (Groundball, 56)
Batting: RHB Tomás Carranza 0-0: Ball
1-0: Ball
2-0: SINGLE (Groundball, 4MD)
Héctor Rentería to second
Runner from 2nd tries for 3rd, SAFE, no throw
Batting: RHB José Delgado 0-0: Ball
1-0: Called Strike
1-1: Ball
2-1: Called Strike
2-2: Fly out, F9 (Flyball, 9LMF)
Bottom of the 3rd over - 0 run(s), 2 hit(s), 0 error(s), 2 left on base; St. Louis 4 - Pocatello 0
TOP OF THE 4TH
St. Louis Browns batting - Pitching for Pocatello Boccabellas : RHP Jesús De Los Santos
Batting: SHB David Johnstone 0-0: Called Strike
0-1: DOUBLE (Flyball, 7LD)
Batting: RHB António Venecia 0-0: Called Strike
0-1: Ball
1-1: Foul Ball, location: 2F
1-2: Ball
2-2: Strikes out looking and he ARGUES THE CALL AND IS TOSSED!
Batting: LHB Bill Murphy 0-0: Called Strike
0-1: Called Strike
0-2: Strikes out swinging
Batting: LHB Clinton Clark 0-0: Called Strike
0-1: Ball
1-1: Swinging Strike
1-2: Foul Ball, location: 2F
1-2: Strikes out swinging
Top of the 4th over - 0 run(s), 1 hit(s), 0 error(s), 1 left on base; St. Louis 4 - Pocatello 0
BOTTOM OF THE 4TH
Pocatello Boccabellas batting - Pitching for St. Louis Browns : LHP Bernardo Miranda
Now at C: Dave Watson
Batting: RHB Marlon Phipps 0-0: Called Strike
0-1: Foul Ball, location: 2F
0-2: Foul Ball, location: 2F
0-2: SOLO HOME RUN (Flyball, 8LXD), Distance : 461 ft
Batting: RHB Ernesto Acosta 0-0: Called Strike
0-1: Ball
1-1: Ball
2-1: Ground out 6-3 (Groundball, 6)
Batting: RHB Francisco Sandoval 0-0: Called Strike
0-1: Ball
1-1: Ball
2-1: Foul Ball, location: 2F
2-2: Foul Ball, location: 2F
2-2: Ball
3-2: SINGLE (Groundball, 6MD)
Batting: SHB Nick Cox 0-0: Called Strike
0-1: Swinging Strike
0-2: Ball
1-2: Strikes out looking
Batting: LHB Jim Jensen 0-0: Ground out U3 (Groundball, 3)
Bottom of the 4th over - 1 run(s), 2 hit(s), 0 error(s), 1 left on base; St. Louis 4 - Pocatello 1
TOP OF THE 5TH
St. Louis Browns batting - Pitching for Pocatello Boccabellas : RHP Jesús De Los Santos
Batting: LHB Bob Ware 0-0: Ball
1-0: Ball
2-0: Ball
3-0: Base on Balls
Batting: LHB Mike Hill 0-0: Foul Ball, location: 2F
0-1: Ball
1-1: Ground out U3 (Groundball, 3)
Bob Ware to second
Batting: RHB Carlos Alfaro 0-0: Ball
1-0: Ball
2-0: Foul Ball, location: 2F
2-1: SINGLE (Line Drive, 34)
Bob Ware to third
Batting: RHB Jeff Jones 0-0: Ball
1-0: Swinging Strike
1-1: Foul Ball, location: 2F
1-2: Ball
2-2: Fly out, F4 (Line Drive, 4)
Lined into DP, 4-5 (Line Drive, 4)
Top of the 5th over - 0 run(s), 1 hit(s), 0 error(s), 1 left on base; St. Louis 4 - Pocatello 1
BOTTOM OF THE 5TH
Pocatello Boccabellas batting - Pitching for St. Louis Browns : LHP Bernardo Miranda
Batting: LHB José Berroa 0-0: Swinging Strike
0-1: Ground out 4-3 (Groundball, 4)
Batting: LHB Héctor Rentería 0-0: Fly out, F8 (Flyball, 8LM)
Batting: RHB Tomás Carranza 0-0: Ball
1-0: Swinging Strike
1-1: Ball
2-1: Ball
3-1: Called Strike
3-2: Foul Ball, location: 2F
3-2: Fly out, F3 (Line Drive, 3L)
Bottom of the 5th over - 0 run(s), 0 hit(s), 0 error(s), 0 left on base; St. Louis 4 - Pocatello 1
TOP OF THE 6TH
St. Louis Browns batting - Pitching for Pocatello Boccabellas : RHP Jesús De Los Santos
Pitching: RHP Juan Álvarez
Batting: LHB Jorge Torres 0-0: SOLO HOME RUN (Flyball, 9D), Distance : 398 ft
Batting: SHB David Johnstone 0-0: Ground out 4-3 (Groundball, 4)
Batting: LHB Dave Watson 0-0: Swinging Strike
0-1: Swinging Strike
0-2: Ball
1-2: Strikes out swinging
Batting: LHB Bill Murphy 0-0: Ground out 4-3 (Groundball, 4)
Top of the 6th over - 1 run(s), 1 hit(s), 0 error(s), 0 left on base; St. Louis 5 - Pocatello 1
BOTTOM OF THE 6TH
Pocatello Boccabellas batting - Pitching for St. Louis Browns : LHP Bernardo Miranda
Batting: RHB José Delgado 0-0: Called Strike
0-1: Ground out 6-3 (Groundball, 6S)
Batting: RHB Marlon Phipps 0-0: Ball
1-0: DOUBLE (Line Drive, 9LM)
Batting: RHB Ernesto Acosta 0-0: Ball
1-0: Ball
2-0: 2-RUN HOME RUN (Flyball, 78XD), Distance : 428 ft
Batting: RHB Francisco Sandoval 0-0: Called Strike
0-1: Swinging Strike
0-2: Ball
1-2: Foul Ball, location: 2F
1-2: Foul Ball, location: 2F
1-2: Fly out, F9 (Flyball, 9LD)
Batting: SHB Nick Cox 0-0: Foul Ball, location: 2F
0-1: Ball
1-1: Ground out 5-3 (Groundball, 56S)
Bottom of the 6th over - 2 run(s), 2 hit(s), 0 error(s), 0 left on base; St. Louis 5 - Pocatello 3
TOP OF THE 7TH
St. Louis Browns batting - Pitching for Pocatello Boccabellas : RHP Juan Álvarez
Batting: LHB Clinton Clark 0-0: Called Strike
0-1: Ground out U3 (Groundball, 3)
Batting: LHB Bob Ware 0-0: Called Strike
0-1: Swinging Strike
0-2: Foul Ball, location: 2F
0-2: Fly out, F7 (Flyball, 7S)
Batting: LHB Mike Hill 0-0: Ball
1-0: Foul Ball, location: 2F
1-1: Called Strike
1-2: Ball
2-2: Ball
3-2: Base on Balls
Batting: RHB Carlos Alfaro 0-0: Ball
1-0: Swinging Strike
1-1: Fly out, F9 (Flyball, 9)
Top of the 7th over - 0 run(s), 0 hit(s), 0 error(s), 1 left on base; St. Louis 5 - Pocatello 3
BOTTOM OF THE 7TH
Pocatello Boccabellas batting - Pitching for St. Louis Browns : LHP Bernardo Miranda
Batting: LHB Jim Jensen 0-0: Ball
1-0: Foul Ball, location: 2F
1-1: DOUBLE (Line Drive, 9LM)
Batting: LHB José Berroa 0-0: Foul Ball, location: 2F
0-1: Ball
1-1: Foul Ball, location: 2F
1-2: Foul Ball, location: 2F
1-2: DOUBLE (Line Drive, 89XD)
Jim Jensen scores
Pinch Hitting: RHB Orlando Bruno 0-0: Called Strike
0-1: Ball
1-1: Foul Ball, location: 2F
1-2: Fly out, F8 (Flyball, 8LM)
Batting: RHB Tomás Carranza 0-0: Called Strike
0-1: Foul Ball, location: 2F
0-2: Strikes out swinging
Pitching: RHP Beau Brown
Pinch Hitting: SHB Glenn Vadnais 0-0: Ball
1-0: Ground out 3-1 (Groundball, 34)
Bottom of the 7th over - 1 run(s), 2 hit(s), 0 error(s), 1 left on base; St. Louis 5 - Pocatello 4
TOP OF THE 8TH
St. Louis Browns batting - Pitching for Pocatello Boccabellas : RHP Juan Álvarez
Now at 2B: Orlando Bruno
Now in RF: Glenn Vadnais
Batting: RHB Jeff Jones 0-0: Foul Ball, location: 2F
0-1: Ball
1-1: Foul Ball, location: 2F
1-2: Ball
2-2: Foul Ball, location: 2F
2-2: SINGLE (Groundball, 6MD)
Pitching: LHP Mark Murchison
Batting: LHB Jorge Torres 0-0: Bunted foul
0-1: Sac Bunt - play at second, runner OUT! 1-6
Batting: SHB David Johnstone 0-0: Ball
1-0: Grounds into double play, 1-4-3 (Groundball, 15S)
Top of the 8th over - 0 run(s), 1 hit(s), 0 error(s), 0 left on base; St. Louis 5 - Pocatello 4
BOTTOM OF THE 8TH
Pocatello Boccabellas batting - Pitching for St. Louis Browns : RHP Beau Brown
Batting: RHB Marlon Phipps 0-0: Ball
1-0: Reached on error, E5 (Groundball, 5L)
Batting: RHB Ernesto Acosta 0-0: Ball
1-0: Called Strike
1-1: Foul Ball, location: 2F
1-2: Ball
2-2: Strikes out swinging
Batting: RHB Francisco Sandoval 0-0: Ball
1-0: SINGLE (Line Drive, 7LS)
Marlon Phipps to second
Batting: SHB Nick Cox 0-0: Ball
1-0: Called Strike
1-1: Foul Ball, location: 2F
1-2: Ball
2-2: Ball
3-2: Base on Balls
Marlon Phipps to third
Francisco Sandoval to second
Pitching: LHP Luis Noriega
Batting: LHB Jim Jensen 0-0: Ball
1-0: DOUBLE (Groundball, 5L)
Marlon Phipps scores
Francisco Sandoval scores
Nick Cox to third
Pitching: RHP Scott Walker
Batting: LHB José Berroa 0-0: Intentional Walk
Batting: RHB Orlando Bruno 0-0: Ball
1-0: Called Strike
1-1: Ball
2-1: Ball
3-1: Swinging Strike
3-2: Grounds into fielders choice 3-2 (Groundball, 34)
Jim Jensen to third
José Berroa to second
Batting: RHB Tomás Carranza 0-0: Foul Ball, location: 2F
0-1: Swinging Strike
0-2: Fly out, F8 (Flyball, 8RXD)
Bottom of the 8th over - 2 run(s), 2 hit(s), 1 error(s), 3 left on base; St. Louis 5 - Pocatello 6
TOP OF THE 9TH
St. Louis Browns batting - Pitching for Pocatello Boccabellas : LHP Mark Murchison
Pitching: RHP Jaime Espinoza
Batting: LHB Dave Watson 0-0: Called Strike
0-1: Foul Ball, location: 2F
0-2: Ball
1-2: Ball
2-2: Fly out, F8 (Flyball, 8RD)
Batting: LHB Bill Murphy 0-0: Foul Ball, location: 2F
0-1: Foul Ball, location: 2F
0-2: Ball
1-2: Foul Ball, location: 2F
1-2: Strikes out swinging
Batting: LHB Clinton Clark 0-0: Foul Ball, location: 2F
0-1: Foul Ball, location: 2F
0-2: Strikes out swinging
Top of the 9th over - 0 run(s), 0 hit(s), 0 error(s), 0 left on base; St. Louis 5 - Pocatello 6
Tuesday, August 8th, 2017 - OOTP Baseball 17.12 Build 75